 Dungeon Crawl Stone Soup version 0.24-a0-537-g2d01d4ab0a (webtiles) character file.

Game seed: 5038039565181548479

109381 Gynju the Unseen (level 16, -2/83 HPs)
             Began as a Spriggan Enchanter on Aug 16, 2019.
             Was the Champion of Kikubaaqudgha.
             Slain by a shambling mangrove (9 damage)
             ... on level 2 of the Swamp.
             The game lasted 02:39:03 (45276 turns).

Gynju the Unseen (Spriggan Enchanter)              Turns: 45276, Time: 02:39:03

Health: -2/83      AC: 12    Str:  4    XL:     16   Next: 4%
Magic:  21/32      EV: 24    Int: 27    God:    Kikubaaqudgha [******]
Gold:   2438       SH: 12    Dex: 16    Spells: 4/38 levels left

rFire    . . .     SeeInvis +   M - +5 rapier (pain)
rCold    . . .     Gourm    .   E - +1 buckler {reflect}
rNeg     . . .     Faith    .   X - +2 robe {MR+}
rPois    .         Spirit   .   Q - +2 hat {Int+3}
rElec    .         Reflect  +   m - +2 cloak
rCorr    .         Harm     .   (gloves unavailable)
MR       +++..                  (boots unavailable)
Stlth    ++++++....             v - +3 amulet of reflection
HPRegen  0.23/turn              F - +3 ring of protection
MPRegen  0.23/turn              T - +2 ring of slaying

@: about to teleport, grasped by roots, constricted, very quick
A: very small, unfitting armour, see invisible, herbivore, speed 3, slow
metabolism 2
a: Receive Corpses, Torment, Renounce Religion


You were on level 2 of the Swamp.
You worshipped Kikubaaqudgha.
Kikubaaqudgha was exalted by your worship.
You were hungry.

You visited 6 branches of the dungeon, and saw 27 of its levels.
You also visited: Gauntlet.

You collected 2438 gold pieces.

Inventory:

Hand Weapons
 J - a +2 dagger of protection
 M - a +5 rapier of pain (weapon)
Missiles
 a - 6 atropa-tipped darts
 A - 414 stones (quivered)
 G - 112 poisoned darts
 I - 11 curare-tipped darts
Armour
 m - a +2 cloak (worn)
 x - a scarf of repulsion
 E - a +1 buckler of reflection (worn)
 Q - a +2 hat of intelligence (worn)
 V - a +2 robe of positive energy
 W - a +2 robe of fire resistance
 X - a +2 robe of magic resistance (worn)
Jewellery
 r - an uncursed ring of fire
 v - a +3 amulet of reflection (around neck)
 F - a +3 ring of protection (left hand)
 P - an uncursed ring of stealth
 T - a +2 ring of slaying (right hand)
Wands
 b - a wand of acid (21)
 i - a wand of polymorph (11)
 k - a wand of disintegration (9)
 t - a wand of random effects (57)
 y - a wand of flame (11)
 N - a wand of paralysis (12)
 S - a wand of iceblast (8)
Scrolls
 c - 4 scrolls of identify
 g - 2 scrolls of immolation
 h - 3 scrolls of blinking
 j - 5 scrolls of amnesia
 l - 2 scrolls of fear
 n - 2 scrolls of teleportation
 B - 5 scrolls of fog
 D - 2 scrolls of magic mapping
 L - 5 scrolls of remove curse
 R - a scroll of enchant armour
Potions
 e - 5 potions of flight
 f - 3 potions of lignification
 o - 4 potions of brilliance
 p - a potion of might
 q - 4 potions of mutation
 s - 5 potions of ambrosia
 u - 9 potions of curing
 w - 5 potions of haste
 z - a potion of resistance
 C - 2 potions of agility
 K - a potion of cancellation
 O - a potion of magic
Comestibles
 d - 21 rations


   Skills:
 * Level 8.8 Fighting
 - Level 9.2 Short Blades
 + Level 11.4 Dodging
 + Level 15.0 Stealth
 - Level 7.2 Shields
 * Level 11.9 Spellcasting
 - Level 12.0 Hexes
 * Level 13.4 Necromancy
 - Level 5.6 Ice Magic


You had 4 spell levels left.
You knew the following spells:

 Your Spells              Type           Power        Failure   Level  Hunger
a - Dazzling Spray        Conj/Hex       #####.       1%          3    None
b - Ensorcelled Hibernat  Hex/Ice        ######       1%          2    None
c - Tukima's Dance        Hex            ######..     1%          3    None
d - Confuse               Hex            ######..     1%          3    None
e - Animate Skeleton      Necr           N/A          0%          1    None
f - Vampiric Draining     Necr           ######....   1%          3    None
g - Pain                  Necr           ####         0%          1    None
h - Animate Dead          Necr           N/A          1%          4    None
i - Simulacrum            Ice/Necr       ######....   11%         6    #####..
j - Regeneration          Chrm/Necr      ######....   1%          3    None
k - Dispel Undead         Necr           ######..     1%          5    ###....

Your spell library contained the following spells:

 Spells                   Type           Power        Failure   Level  Hunger
 Corona                   Hex            ######.      1%          1    None
 Corpse Rot               Necr           N/A          1%          2    None
 Sublimation of Blood     Necr           ######....   1%          2    None
 Sandblast                Erth           ###...       3%          1    None
 Summon Butterflies       Summ           ###.....     3%          1    None
 Passwall                 Tmut/Erth      ###.....     5%          2    None
 Call Canine Familiar     Summ           ###.....     11%         3    None
 Stone Arrow              Conj/Erth      ###...       11%         3    None
 Summon Ice Beast         Ice/Summ       ####....     11%         4    None
 Petrify                  Tmut/Erth      ###.....     34%         4    None
 Agony                    Necr           ######..     1%          5    ###....
 Death Channel            Necr           ######....   2%          6    #####..
 Bolt of Draining         Conj/Necr      ######....   6%          5    ###....
 Excruciating Wounds      Chrm/Necr      ######....   6%          5    ###....
 Summon Mana Viper        Hex/Summ       #####...     9%          5    ###....
 Lee's Rapid Deconstruct  Erth           ###.......   69%         5    ###....
 Summon Hydra             Summ           ###.......   100%        7    ######.


Dungeon Overview and Level Annotations

Branches:
Dungeon (15/15)            Temple (1/1) D:7            Lair (6/6) D:10
  Swamp (2/4) Lair:4        Snake (0/4) Lair:4        Slime (0/5) Lair:6
    Orc (2/2) D:11            Elf (0/3) Orc:2        Vaults (0/5) D:13
 Depths (1/5) D:15

Altars:
Ashenzari
Cheibriados
Elyvilon
Fedhas
Gozag
Kikubaaqudgha
Makhleb
Nemelex Xobeh
Okawaru
Qazlal
Ru
Sif Muna
Trog
Uskayaw
Xom
Yredelemnul
Zin
Beogh

Shops:
D:5 (   Orc:2 (!(

Annotations:
D:8 1 runed translucent door, hemabe's ghost, novice HuAr
D:9 exclusion: door
D:10 exclusion: downstairs
D:11 exclusion: obsidian statue
Lair:3 1 runed translucent door, BinkBink's ghost, journeyman DDBe


Innate Abilities, Weirdness & Mutations

You are very small and have problems with some larger weapons.
You are too small for most types of armour.
You have supernaturally acute eyesight. (SInv)
You are a herbivore.
You cover ground extremely quickly.
You need to consume almost no food.


Message History

The spray of energy hits the shambling mangrove!
The shambling mangrove is lightly damaged.
The grasping roots constrict you!
Casting: Dazzling Spray (safe; 1% risk of failure)
Confirm with . or Enter, or press ? or * to list all spells.
Aiming: Dazzling Spray (safe; 1% risk of failure)
Press: ? - help, Shift-Dir - straight line, f/p - shambling mangrove
Aim: a shambling mangrove (lightly damaged)
The spray of energy hits the shambling mangrove but does no damage.
The shambling mangrove is lightly damaged.
The grasping roots constrict you!!
As you read the scroll of teleportation, it crumbles to dust.
You feel strangely unstable.
The shambling mangrove completely misses you.
* * * LOW HITPOINT WARNING * * *
The grasping roots constrict you!
You feel much better. The shambling mangrove hits you!!
* * * LOW HITPOINT WARNING * * *
You die...
Kikubaaqudgha rasps: "You have failed me!
Welcome... death!"

♣♣..######'#...≈≈≈..≈≈≈≈≈
♣...!......♣♣♣≈...≈≈≈≈≈
♣≈........♣..♣♣...≈≈≈..
♣..≈≈≈§.≈.....♣♣♣.≈≈≈≈≈
♣♣≈≈≈≈≈≈≈...≈≈..♣♣.≈≈≈≈≈
♣.§≈≈≈≈≈≈≈≈≈≈≈..♣♣♣..≈≈≈
♣♣≈≈.....≈≈≈.≈.≈≈♣♣♣♣..≈♣
♣...♣....≈≈≈≈≈.≈♣♣♣≈..♣♣♣
.≈≈≈♣♣≈..†f@≈≈≈≈≈.♣.....≈♣♣♣
♣.≈≈≈
♣.≈≈....≈≈≈....≈§..≈♣♣. ≈Xf≈
♣>≈≈..♣§..≈....≈..≈♣♣.. .≈≈≈
♣♣♣♣♣♣♣≈♣♣♣♣♣≈≈♣♣≈≈...≈ ≈≈≈
♣♣ ♣... ♣♣..≈≈≈ ... ♣..≈≈≈ ♣
≈≈.≈≈≈≈ ...≈≈≈≈≈ ..≈♣.≈≈≈≈≈


You could see a shambling mangrove.

Vanquished Creatures
  Frances (D:14)
  A tengu reaver (D:11)
  A very ugly thing (Swamp:2)
  A fire dragon (D:15)
  An ettin (D:11)
  2 ogre magi (Orc:2)
  2 vault guards (D:13)
  11 hydras
  Erolcha (Orc:2)
  A ghost crab (Swamp:1)
  2 catoblepae (Lair:6)
  10 two-headed ogres
  A tengu warrior (D:15)
  3 alligators
  4 centaur warriors
  7 death yaks
  Nergalle (Lair:2)
  Sonja (D:10)
  An iron troll (Orc:2)
  4 skeletal warriors
  5 wizards
  A deep troll (Orc:2)
  4 unseen horrors
  3 necromancers
  2 orc knights
  A wolf spider (D:11)
  4 orc sorcerers
  2 manticores (Lair:6)
  8 ugly things
  7 cyclopes
  A guardian serpent (shapeshifter) (D:13)
  3 black mambas
  13 elephants
  Maurice (Orc:2)
  13 spiny frogs
  6 centaur skeletons
  5 komodo dragons
  A freezing wraith (D:13)
  A rime drake (Lair:4)
  2 polar bears (Lair:6)
  14 trolls
  3 tyrant leeches
  9 dream sheep
  A slime creature (Lair:6)
  17 blink frogs
  A bog body (Swamp:1)
  4 hippogriffs
  5 shadows
  2 wyverns
  A water elemental (D:15)
  46 yaks
  2 wraiths
  17 humans (D:13)
  A hungry ghost (D:12)
  3 basilisks
  4 vampire mosquitoes (Swamp:1)
  2 wargs (Orc:1)
  4 nagas (Lair:4)
  2 acid dragons
  7 swamp worms
  4 insubstantial wisps (Swamp:1)
  14 water moccasins
  7 porcupines
  12 orc warriors
  A sky beast (D:10)
  An eye of draining (D:14)
  3 swamp drakes
  3 ice beasts
  6 phantoms
  5 black bears
  23 ogres
  4 boggarts (Lair:6)
  4 wolves (Lair:2)
  17 centaurs
  8 crocodiles
  18 bullfrogs
  7 big kobolds
  2 gnoll sergeants (D:11)
  A wyvern zombie (D:13)
  5 scorpions
  4 killer bees
  9 wights
  2 electric eels
  4 howler monkeys
  10 crimson imps
  5 centaur zombies
  A quasit (D:9)
  7 hounds
  11 jellies
  A bullfrog zombie (D:12)
  16 orc priests
  15 orc wizards
  9 iguanas
  11 worker ants
  12 gnolls
  A howler monkey skeleton (D:4)
  16 adders
  4 shadow imps
  2 oozes
  2 adder skeletons
  An adder zombie (D:6)
  4 worms
  3 dart slugs
  6 leopard geckos
  58 orcs
  5 bats
  2 giant cockroaches
  8 goblins
  12 hobgoblins
  9 jackals
  2 quokkas
  A ball python (D:7)
  6 frilled lizards
  11 kobolds
  A quokka skeleton (D:4)
  6 rats
  A plant (D:10)
707 creatures vanquished.

Vanquished Creatures (collateral kills)
  2 catoblepae
  2 two-headed ogres
  A skeletal warrior (D:13)
  An ugly thing (D:13)
  A spiny frog (Lair:4)
  A blink frog (Lair:5)
  A hippogriff (Lair:4)
  A human (D:13)
  A vampire (D:13)
  2 nagas (Lair:4)
  A water moccasin (Lair:4)
  8 orc warriors
  3 crocodiles
  10 ogres
  A centaur (D:13)
  A big kobold (D:11)
  3 bullfrogs
  A gnoll sergeant (D:11)
  8 wights
  2 crimson imps
  A quasit (D:9)
  2 orc priests (Orc:2)
  2 orc wizards
  18 orcs
  A hobgoblin (D:3)
  2 fungi
  2 plants
79 creatures vanquished.

Vanquished Creatures (others)
  Donald (Swamp:1)
  A cyclops (Orc:2)
  A shadow (D:15)
  9 dancing weapons
  A centaur (D:11)
  2 orcs (Orc:2)
  25 fungi
  30 plants
70 creatures vanquished.

Grand Total: 856 creatures vanquished

Notes
Turn   | Place    | Note
-------+----------+-------------------------------------------
     0 | D:1      | Gynju the Spriggan Enchanter began the quest for the Orb.
     0 | D:1      | Reached XP level 1. HP: 9/9 MP: 5/5
    67 | D:1      | Reached XP level 2. HP: 6/13 MP: 6/6
    97 | D:1      | Learned a level 2 spell: Ensorcelled Hibernation
   146 | D:1      | Reached skill level 5 in Stealth
   887 | D:1      | Found a shadowy altar of Dithmenos.
   889 | D:1      | Found a blossoming altar of Fedhas.
   889 | D:1      | Found a white marble altar of Elyvilon.
   891 | D:1      | Found a basalt altar of Yredelemnul.
   891 | D:1      | Found a shimmering altar of Xom.
   891 | D:1      | Found an opulent altar of Gozag.
   892 | D:1      | Reached XP level 3. HP: 16/16 MP: 8/8
  1016 | D:2      | Found a basalt altar of Yredelemnul.
  1113 | D:2      | Reached skill level 6 in Stealth
  1113 | D:2      | Reached XP level 4. HP: 18/21 MP: 7/10
  1118 | D:2      | Learned a level 3 spell: Tukima's Dance
  1122 | D:2      | Learned a level 3 spell: Confuse
  1856 | D:2      | Found a bloodstained altar of Trog.
  2181 | D:2      | Reached skill level 5 in Hexes
  2252 | D:2      | Found an opulent altar of Gozag.
  2808 | D:3      | Reached XP level 5. HP: 14/24 MP: 2/11
  3270 | D:3      | Found a shimmering blue altar of Sif Muna.
  3365 | D:3      | Noticed an orc warrior
  3685 | D:3      | Reached skill level 7 in Stealth
  4352 | D:4      | Reached XP level 6. HP: 28/28 MP: 13/13
  4361 | D:4      | Reached skill level 8 in Stealth
  4684 | D:4      | Reached XP level 7. HP: 20/32 MP: 11/15
  4994 | D:4      | Reached skill level 9 in Stealth
  5495 | D:5      | Entered Level 5 of the Dungeon
  5556 | D:5      | Reached skill level 5 in Spellcasting
  5611 | D:5      | Found Icoomm's Weapon Shoppe.
  5643 | D:5      | Found a hide-covered altar of Uskayaw.
  5669 | D:5      | Found a stormy altar of Qazlal.
  6286 | D:6      | Reached skill level 10 in Stealth
  6293 | D:6      | Reached XP level 8. HP: 36/36 MP: 13/17
  6442 | D:6      | Found a blossoming altar of Fedhas.
  7186 | D:7      | Reached skill level 11 in Stealth
  7368 | D:7      | Found a flagged portal.
  8253 | D:7      | Found a staircase to the Ecumenical Temple.
  8276 | Temple   | Entered the Ecumenical Temple
  8291 | Temple   | Became a worshipper of Kikubaaqudgha
  8323 | D:7      | Reached skill level 12 in Stealth
  8584 | D:8      | Reached XP level 9. HP: 28/39 MP: 20/20
  8850 | D:8      | Reached skill level 10 in Hexes
  9045 | D:8      | Found a runed translucent door.
  9046 | D:8      | Found a shimmering altar of Xom.
  9046 | D:8      | Noticed hemabe's ghost (novice HuAr)
  9046 | D:8      | Noticed a +1 flail of chaos
  9519 | D:8      | Reached * piety under Kikubaaqudgha
  9519 | D:8      | Identified Kikubaaqudgha's Papyrus of Necromancy
                  | (Kikubaaqudgha gifted it to you on level 8 of the Dungeon)
  9519 | D:8      | Received a gift from Kikubaaqudgha
  9519 | D:8      | Reached skill level 13 in Stealth
  9740 | D:8      | Noticed a three-headed hydra
  9751 | D:8      | Killed a three-headed hydra
  9751 | D:8      | Reached skill level 14 in Stealth
  9751 | D:8      | Reached XP level 10. HP: 33/44 MP: 16/23
 10011 | D:8      | Found a snail-covered altar of Cheibriados.
 10542 | D:8      | Reached ** piety under Kikubaaqudgha
 11308 | D:9      | Reached skill level 15 in Stealth
 11363 | D:9      | Learned a level 3 spell: Dazzling Spray
 11751 | D:9      | Reached skill level 1 in Ice Magic
 11926 | D:9      | Found a sparkling altar of Nemelex Xobeh.
 12354 | D:10     | Entered Level 10 of the Dungeon
 12401 | D:10     | Found a staircase to the Lair.
 12416 | D:10     | Reached *** piety under Kikubaaqudgha
 12416 | D:10     | Identified Kikubaaqudgha's Collected Works on Dark Rites
                  | (Kikubaaqudgha gifted it to you on level 10 of the Dungeon)
 12416 | D:10     | Received a gift from Kikubaaqudgha
 12423 | D:10     | Reached skill level 1 in Necromancy
 13342 | D:10     | Noticed a two-headed ogre
 13583 | D:10     | Reached skill level 5 in Dodging
 13583 | D:10     | Reached XP level 11. HP: 47/47 MP: 20/25
 13605 | D:10     | Noticed Sonja
 13636 | D:10     | Killed Sonja
 13749 | D:10     | Killed a two-headed ogre
 14239 | Lair:1   | Entered Level 1 of the Lair of Beasts
 14347 | Lair:1   | Reached **** piety under Kikubaaqudgha
 14390 | Lair:1   | Noticed a five-headed hydra
 14528 | Lair:1   | Learned a level 1 spell: Animate Skeleton
 14551 | Lair:1   | Killed a five-headed hydra
 14551 | Lair:1   | Reached skill level 10 in Spellcasting
 14700 | Lair:1   | Learned a level 3 spell: Vampiric Draining
 15464 | Lair:2   | Reached skill level 1 in Fighting
 15493 | Lair:2   | Noticed an eight-headed hydra
 15509 | Lair:2   | Killed an eight-headed hydra
 15594 | Lair:2   | Reached skill level 5 in Short Blades
 16128 | Lair:2   | Noticed Nergalle
 16135 | Lair:2   | Killed Nergalle
 16517 | Lair:3   | Reached skill level 5 in Necromancy
 16690 | Lair:3   | Found a runed translucent door.
 16788 | Lair:3   | Noticed BinkBink's ghost (journeyman DDBe)
 17761 | Lair:2   | Reached skill level 5 in Ice Magic
 17761 | Lair:2   | Reached XP level 12. HP: 55/55 MP: 23/27
 18633 | Lair:4   | Noticed a four-headed hydra
 18640 | Lair:4   | Killed a four-headed hydra
 19271 | Lair:4   | You fall into a shaft and drop 2 floors!
 19271 | Lair:6   | Entered Level 6 of the Lair of Beasts
 19272 | Lair:6   | Noticed a catoblepas
 19279 | Lair:6   | Killed a catoblepas
 19305 | Lair:6   | Noticed a death yak
 19306 | Lair:6   | Noticed a death yak
 19327 | Lair:6   | Noticed a five-headed hydra
 19339 | Lair:6   | Killed a five-headed hydra
 19426 | Lair:5   | Noticed a catoblepas
 19599 | Lair:4   | Found a staircase to the Swamp.
 19610 | Lair:4   | Learned a level 1 spell: Pain
 19957 | Lair:3   | Learned a level 4 spell: Animate Dead
 20407 | Lair:4   | Found a staircase to the Snake Pit.
 20671 | Lair:4   | Killed a catoblepas
 20972 | Lair:4   | Identified the +6 great mace of Cidghaow {protect, rF- rN+
                  | Dex+3}
 21916 | Lair:5   | Reached ***** piety under Kikubaaqudgha
 22978 | D:10     | Identified a scroll of acquirement
 23186 | D:11     | Found a staircase to the Orcish Mines.
 23231 | D:11     | Noticed a tengu reaver
 23232 | D:11     | Noticed an ettin
 23258 | D:11     | Killed a tengu reaver
 23258 | D:11     | Reached skill level 10 in Dodging
 23258 | D:11     | Reached XP level 13. HP: 63/63 MP: 3/28
 23479 | D:11     | Killed an ettin
 24399 | D:10     | Reached skill level 5 in Fighting
 26041 | D:13     | Reached ****** piety under Kikubaaqudgha
 26535 | D:13     | Identified a +3 rapier of pain (a +1 rapier bloodied by
                  | Kikubaaqudgha)
 26535 | D:13     | Received a gift from Kikubaaqudgha
 27245 | Orc:1    | Entered Level 1 of the Orcish Mines
 27887 | Orc:1    | Reached skill level 10 in Necromancy
 28093 | Orc:2    | Entered Level 2 of the Orcish Mines
 28161 | Orc:2    | Noticed Erolcha
 28483 | Orc:2    | Killed Erolcha
 28670 | Orc:2    | Noticed Maurice
 29225 | Orc:2    | Found a roughly hewn altar of Beogh.
 29294 | Orc:2    | Learned a level 6 spell: Simulacrum
 29369 | Orc:2    | Reached skill level 1 in Shields
 29620 | Orc:2    | Reached XP level 14. HP: 63/70 MP: 20/29
 30210 | Orc:2    | Killed Maurice
 30677 | Lair:6   | Found a staircase to the Slime Pits.
 33581 | Lair:6   | Learned a level 3 spell: Regeneration
 34290 | Lair:6   | Reached skill level 5 in Shields
 36521 | D:13     | Reached XP level 15. HP: 76/76 MP: 30/30
 36986 | D:13     | Found a gate to the Vaults.
 37150 | D:14     | Noticed Frances
 37161 | D:14     | Killed Frances
 37759 | D:14     | Found a shattered altar of Ashenzari.
 38671 | D:15     | Entered Level 15 of the Dungeon
 38680 | D:15     | Found a gate leading to a gauntlet.
 38692 | Gauntlet | Entered a Gauntlet
 38692 | Gauntlet | Found a runed translucent door.
 38692 | Gauntlet | Found a transporter.
 38692 | Gauntlet | Found a runed translucent door.
 38692 | Gauntlet | Found a runed translucent door.
 38692 | Gauntlet | Found a transporter.
 38694 | Gauntlet | Found a transporter.
 38694 | Gauntlet | Found a transporter.
 38696 | Gauntlet | Found a runed translucent door.
 38698 | Gauntlet | Found a transporter.
 38698 | Gauntlet | Found a transporter.
 38746 | Gauntlet | Found a transporter.
 38750 | Gauntlet | Found a transporter.
 38756 | Gauntlet | Found a runed translucent gate.
 38756 | Gauntlet | Found a runed translucent gate.
 38756 | Gauntlet | Found a runed translucent gate.
 38758 | Gauntlet | Found a transporter.
 38774 | Gauntlet | Found a transporter.
 38788 | Gauntlet | Found a transporter.
 38792 | Gauntlet | Found a transporter.
 39274 | D:15     | Found a staircase to the Depths.
 39830 | D:15     | Found a blossoming altar of Fedhas.
 40269 | Depths:1 | Entered Level 1 of the Depths
 40578 | Orc:2    | Found Eleom's Book Shop.
 40698 | Orc:2    | Found Xucipik's Weapon Emporium.
 40703 | Orc:2    | Found Zammajek's Distillery.
 40704 | Orc:2    | Found Kankyv's Weapon Boutique.
 40844 | Orc:2    | Found a staircase to the Elven Halls.
 42055 | Swamp:1  | Entered Level 1 of the Swamp
 44322 | Swamp:1  | Learned a level 5 spell: Dispel Undead
 44517 | Swamp:1  | Noticed Donald
 44533 | Swamp:1  | Killed Donald
 44943 | Swamp:2  | Reached XP level 16. HP: 83/83 MP: 32/32
 45252 | Swamp:2  | Noticed a tentacled monstrosity
 45276 | Swamp:2  | Slain by a shambling mangrove

Levels and vault maps discovered:
D:1:      dpeg_arrival_houses_and_road, layout_rooms, doesnt_xom_only_xom
D:2:      layout_loops_ring, lemuel_round_altar, yredelemnul_altar_generic,
          marbit_many_paths, dk_noncrumbling_4
D:3:      layout_basic, lemuel_doored_altar, first_ration, nrook_campfire,
          minmay_liquid_box
D:4:      layout_loops_ring, minmay_manual_mail
D:5:      layout_rooms, grunt_temple_overflow_open, serial_shops, shop_coins,
          grunt_ministairs_6
D:6:      layout_loops_cross, fedhas_altar_2
D:7:      layout_gridville, minmay_temple_entry_wispy, enter_bailey_2
D:8:      layout_basic, old_standard_altar, ebering_ghost_xom, hangedman_ranch
          [blue_anna_fruit_fields]
D:9:      layout_rooms, nicolae_overflow_crystal_walls, hangedman_incinerator
D:10:     layout_loops_ring, due_lair_maze_entry_diamond, serial_bayou_lagoon_a,
          uniq_sonja
D:11:     minmay_mutant_horseshoe, layout_rooms,
          kennysheep_orc_monster_closet_entryway, minivault_15,
          chequers_serial_rivers_large_b
D:12:     layout_roguey, drop_trap
D:13:     layout_roguey, grunt_vaults_entry_tiered
D:14:     layout_layer_cave, minivault_11, nicolae_ashenzari_panopticon,
          uniq_frances
D:15:     grunt_enter_depths_magical_seal, layout_basic, gauntlet_entry_generic,
          minmay_ruined_shrine
Temple:   dshaligram_water_room_temple
Lair:1:   layout_gridlike, st_stairs_3
Lair:2:   layout_layer_cave, grunt_megastairs_1, uniq_nergalle
Lair:3:   layout_small_grid, hellmonk_ghost_happy_afterlife
Lair:4:   layout_small_grid, swamp_mist, minmay_snake_entry_guardpost_medium,
          infiniplex_staircase_pool, grunt_megastairs_5
Lair:5:   layout_regular_city, cheibrodos_lair_reptile_den, grunt_megastairs_3,
          serial_bayou_shore_b
Lair:6:   evilmike_catoblepas_cave, layout_misc_corridors,
          minmay_slime_entry_pillars, minmay_stone_trees_small,
          grunt_forest_stairs_basic, kilobyte_rumbling_trees
Swamp:1:  layout_falls_marsh, portal_ice_cave_entry_pillars_three,
          evilmike_swamp_ruin_house_5, uniq_donald
Swamp:2:  layout_basic_swamp, evilmike_swamp_ruin_house_1, swamp_pool5
Orc:1:    layout_caves
Orc:2:    st_orc_open, layout_caves, basic_altar, uniq_maurice, uniq_erolcha
Depths:1: layout_basic, hangedman_tar_grid_catacomb, rand_demon_pan_entry_9,
          serial_shops, bzr_entry_customers, abyss_entry, st_stairs_11,
          ice2_lemuel, firewood_loft

Skill      XL: |  1  2  3  4  5  6  7  8  9 10 11 12 13 14 15 |
---------------+----------------------------------------------+-----
Hexes          | 4 5 6 7 9 11 12 | 12.0
Stealth        | 5 6 7 8 10 12 14 15 | 15.0
Spellcasting   | 3 4 5 6 8 9 10 11 | 11.9
Ice Magic      | 2 5 |  5.6
Short Blades   | 3 5 7 9 |  9.2
Necromancy     | 2 5 8 10 12 13 | 13.4
Dodging        | 5 7 10 11 | 11.4
Fighting       | 2 4 6 7 8 |  8.8
Shields        | 1 5 7 |  7.2

Action                   |  1- 3 |  4- 6 |  7- 9 | 10-12 | 13-15 | 16-18 || total
-------------------------+-------+-------+-------+-------+-------+-------++-------
Melee: Dagger            |    86 |   178 |   182 |   389 |   140 |       ||   975
       Rapier            |       |       |       |       |   787 |     5 ||   792
Throw: Stone             |       |       |     3 |     5 |    41 |       ||    49
       Dart              |       |       |       |       |    20 |       ||    20
 Cast: Ensorcelled Hiber |    16 |    52 |    82 |   209 |   423 |     3 ||   785
       Corona            |       |     1 |       |       |       |       ||     1
       Tukima's Dance    |       |     4 |    14 |    26 |   105 |       ||   149
       Confuse           |       |       |    14 |    14 |    31 |       ||    59
       Dazzling Spray    |       |       |       |    69 |   165 |     7 ||   241
       Animate Skeleton  |       |       |       |     8 |       |       ||     8
       Pain              |       |       |       |     7 |     1 |       ||     8
       Animate Dead      |       |       |       |     3 |    13 |       ||    16
       Regeneration      |       |       |       |       |     2 |       ||     2
       Dispel Undead     |       |       |       |       |     2 |     1 ||     3
Invok: Receive Corpses   |       |       |       |     2 |     4 |       ||     6
       Brand Weapon With |       |       |       |       |     1 |       ||     1
  Use: Scroll            |       |     8 |       |    20 |    12 |     2 ||    42
       Potion            |       |       |       |       |     6 |     1 ||     7
 Stab: Sleeping          |    23 |    32 |    72 |   140 |   257 |     4 ||   528
       Distracted        |       |     1 |     1 |     1 |    10 |       ||    13
       Confused          |       |       |    13 |    10 |    21 |       ||    44
       Invisible         |       |       |       |     8 |    23 |       ||    31
  Eat: Ration            |       |     2 |     3 |     6 |    13 |       ||    24
Armor: Robe              |    12 |    16 |     5 |    28 |   123 |       ||   184
       Skin              |       |       |       |       |     1 |       ||     1
Dodge: Dodged            |   105 |   149 |   122 |   244 |   918 |     4 ||  1542
Block: Buckler           |       |       |       |     8 |   415 |     1 ||   424
       Reflection        |       |       |       |     5 |    21 |       ||    26

Table legend:
 A = Non-vault XP
 B = Vault XP
 C = Vault XP percentage of total XP
 D = Non-vault monster count
 E = Vault monster count
 F = Vault count percentage of total count
                 A         B        C        D         E       F
            +---------+---------+-------+---------+---------+-------
      Total |   95499 |   60760 |  38.9 |     599 |     185 |  23.6
            +---------+---------+-------+---------+---------+-------
        D:1 |      45 |       0 |   0.0 |      23 |       0 |   0.0
        D:2 |     111 |       1 |   0.9 |      22 |       1 |   4.3
        D:3 |     131 |       0 |   0.0 |      26 |       0 |   0.0
        D:4 |     413 |     249 |  37.6 |      19 |       4 |  17.4
        D:5 |     345 |      36 |   9.4 |      12 |       1 |   7.7
        D:6 |     713 |       0 |   0.0 |      21 |       0 |   0.0
        D:7 |     744 |       0 |   0.0 |      18 |       0 |   0.0
        D:8 |    1700 |    2214 |  56.6 |      34 |       8 |  19.0
        D:9 |    1585 |     423 |  21.1 |      32 |       3 |   8.6
       D:10 |    2000 |    2014 |  50.2 |      27 |      11 |  28.9
       D:11 |    3861 |    4964 |  56.2 |      33 |      22 |  40.0
       D:12 |    5055 |       0 |   0.0 |      26 |       0 |   0.0
       D:13 |   11163 |    7535 |  40.3 |      47 |      25 |  34.7
       D:14 |    5784 |    2189 |  27.5 |      22 |       1 |   4.3
       D:15 |    7643 |    8059 |  51.3 |      19 |      15 |  44.1
     Lair:1 |    3192 |      58 |   1.8 |      13 |       1 |   7.1
     Lair:2 |    4067 |    1239 |  23.4 |      18 |       2 |  10.0
     Lair:3 |    1691 |       0 |   0.0 |       8 |       0 |   0.0
     Lair:4 |    7842 |    1399 |  15.1 |      19 |      11 |  36.7
     Lair:5 |    7047 |    1445 |  17.0 |      23 |       8 |  25.8
     Lair:6 |   13336 |   12522 |  48.4 |      41 |      32 |  43.8
    Swamp:1 |    7390 |    1421 |  16.1 |      22 |       1 |   4.3
    Swamp:2 |    3853 |       0 |   0.0 |      10 |       0 |   0.0
      Orc:1 |    2805 |    1080 |  27.8 |      30 |       3 |   9.1
      Orc:2 |    2983 |   13912 |  82.3 |      34 |      36 |  51.4
            +---------+---------+-------+---------+---------+-------
